 Dungeon Crawl Stone Soup version 0.22.1-1-ga44c0e5 (webtiles) character file.

462 eccles the Chopper (level 6, -5/56 HPs)
             Began as a Minotaur Berserker on Oct 8, 2018.
             Was a Priest of Trog.
             Killed from afar by an orc wizard (10 damage)
             ... with a puff of frost
             ... while paralysed
             ... on level 5 of the Dungeon on Oct 9, 2018.
             The game lasted 00:22:30 (2927 turns).

eccles the Chopper (Minotaur Berserker)             Turns: 2927, Time: 00:22:30

Health: -5/56      AC: 10    Str: 22    XL:     6   Next: 79%
Magic:  5/5        EV:  2    Int:  4    God:    Trog [***...]
Gold:   240        SH:  0    Dex: 11    Spells: 5/5 levels left

rFire    . . .     SeeInvis .   l - +0 war axe
rCold    . . .     Gourm    .   (no shield)
rNeg     . . .     Faith    .   q - +0 chain mail
rPois    .         Spirit   .   (helmet restricted)
rElec    .         Reflect  .   (no cloak)
rCorr    .         Harm     .   e - +0 pair of gloves
MR       .....                  (no boots)
Stlth    ..........             (no amulet)
HPRegen  0.18/turn              (no ring)
MPRegen  0.09/turn              (no ring)

@: paralysed, fainting
A: retaliatory headbutt, horns 2
a: Berserk, Trog's Hand, Renounce Religion


You were on level 5 of the Dungeon.
You worshipped Trog.
Trog was most pleased with you.
You were fainting.

You visited 1 branch of the dungeon, and saw 5 of its levels.
You also visited: Sewer.

You collected 240 gold pieces.

Inventory:

Hand Weapons
 a - a +0 hand axe
 l - a +0 war axe (weapon)
Missiles
 h - 4 javelins (quivered)
Armour
 b - a +0 animal skin
 e - a +0 pair of gloves (worn)
 j - a +0 ring mail
 q - a +0 chain mail (worn)
Jewellery
 o - an uncursed ring of protection from cold {unknown}
 t - a +2 ring of evasion {unknown}
 u - a +5 ring of intelligence {unknown}
Scrolls
 f - 5 scrolls of remove curse
 i - 2 scrolls of fog {unknown}
 p - 6 scrolls of teleportation
 r - a scroll of blinking
 x - 2 scrolls of amnesia {unknown}
Potions
 g - 3 potions of brilliance
 k - 2 potions of agility
 m - 3 potions of curing {unknown}
 n - a potion of flight {unknown}
 s - 3 potions of might {unknown}
 v - a potion of lignification {unknown}
 w - 2 potions of magic {unknown}
Comestibles
 c - 11 rations


   Skills:
 * Level 5.0 Fighting
 * Level 7.3 Axes
 + Level 4.4 Armour
 + Level 2.6 Dodging
 + Level 0.7 Stealth


You had 5 spell levels left.
You didn't know any spells.
Your spell library was empty.

Dungeon Overview and Level Annotations

Branches:
Dungeon (5/15)
 Temple: D:4-7

Altars:
Elyvilon
Okawaru


Innate Abilities, Weirdness & Mutations

You reflexively headbutt those who attack you in melee.
You have a pair of horns on your head.


Message History

Helpless, you fail to dodge the puff of flame.
The orc wizard looks satisfied for a moment.
The orc wizard hits you but does no damage. x2
The orc wizard gestures wildly while chanting.
The orc wizard seems to speed up.
The orc wizard casts a spell.
The orc wizard flickers and vanishes!
All of the chunks of flesh in your inventory have rotted away.
The orc wizard hits you with a dagger.
The orc wizard begins to cast a cantrip, but forgets the words!
The orc wizard hits you but does no damage. x2
The orc priest invokes the aid of Beogh against you.
Beogh smites you!
* * * LOW HITPOINT WARNING * * *
The orc wizard gestures wildly while chanting.
The orc wizard flickers and vanishes!
You hear some strange, mumbled words.
A puff of frost appears from out of thin air!
The puff of frost hits you!
You die...

############.
#....<.......
#.####.###...
#@# .# #{# .#
#{{ .. #o..
## ....+
....# ....#
.....#


You could see an orc priest.

Vanquished Creatures
  A howler monkey (D:4)
  2 orc priests
  2 orc wizards
  2 iguanas (D:4)
  8 gnolls
  2 river rats (Sewer)
  7 adders
  A worm (D:2)
  4 dart slugs
  6 leopard geckos
  4 orcs
  2 ball pythons
  5 giant cockroaches
  5 goblins
  3 hobgoblins
  3 jackals (D:3)
  3 quokkas
  6 bats
  13 frilled lizards
  8 kobolds
  7 rats
94 creatures vanquished.

Notes
Turn   | Place    | Note
-------+----------+-------------------------------------------
     0 | D:1      | eccles the Minotaur Berserker began the quest for the Orb.
     0 | D:1      | Reached XP level 1. HP: 19/19 MP: 0/0
   127 | D:1      | Reached skill level 4 in Axes
   127 | D:1      | Reached XP level 2. HP: 27/27 MP: 1/1
   592 | D:2      | Reached XP level 3. HP: 33/33 MP: 2/2
   609 | D:2      | Found a white marble altar of Elyvilon.
   669 | D:2      | Found a faded altar of an unknown god.
   829 | D:2      | Reached ** piety under Trog
  1155 | D:2      | Reached XP level 4. HP: 32/40 MP: 3/3
  1157 | D:2      | Reached skill level 5 in Axes
  1359 | D:3      | Reached XP level 5. HP: 21/46 MP: 4/4
  1360 | D:3      | Reached skill level 6 in Axes
  1739 | D:3      | Reached *** piety under Trog
  1793 | D:3      | Found an iron altar of Okawaru.
  2018 | D:4      | Found a glowing drain.
  2042 | Sewer    | Entered a sewer
  2063 | Sewer    | Reached XP level 6. HP: 52/53 MP: 5/5
  2445 | D:4      | Reached skill level 5 in Fighting
  2594 | D:4      | Reached skill level 7 in Axes
  2897 | D:5      | Entered Level 5 of the Dungeon
  2916 | D:5      | Paralysed by fainting for 12 turns
  2927 | D:5      | Killed from afar by an orc wizard

Skill      XL: |  1  2  3  4  5  6 |
---------------+-------------------+-----
Axes           | 4 5 6 7 |  7.3
Armour         | 3 4 |  4.4
Fighting       | 4 5 |  5.0
Dodging        | |  2.6
Stealth        | |  0.7

Action                   |  1- 3 |  4- 6 || total
-------------------------+-------+-------++-------
Melee: Hand axe          |    41 |       ||    41
       Headbutt          |    14 |    24 ||    38
       War axe           |    23 |   146 ||   169
Invok: Berserk           |       |     1 ||     1
  Use: Scroll            |     2 |     4 ||     6
  Eat: Chunk             |     1 |     4 ||     5
Armor: Animal skin       |     6 |       ||     6
       Ring mail         |    15 |       ||    15
       Chain mail        |    14 |    71 ||    85
Dodge: Dodged            |    60 |    80 ||   140
